 Dungeon Crawl Stone Soup version 0.20.1-1-g8b1a95d (webtiles) character file.

1231 Lanoc the Skirmisher (level 8, -6/65 HPs)
             Began as a Demonspawn Wanderer on Dec 16, 2017.
             Was an Initiate of Makhleb.
             Mangled by an orc warrior
             ... wielding a +0 long sword
              (20 damage)
             ... on level 6 of the Dungeon.
             The game lasted 00:16:15 (5272 turns).

Lanoc the Skirmisher (Demonspawn Wanderer)          Turns: 5272, Time: 00:16:16

Health: -6/65      AC:  3    Str: 14    XL:     8   Next: 24%
Magic:  9/9        EV: 15    Int: 11    God:    Makhleb [......]
Gold:   209        SH:  0    Dex: 16    Spells: 7/7 levels left

rFire    . . .     SeeInvis .   a - +3 quarterstaff
rCold    + . .     Gourm    .   (shield currently unavailable)
rNeg     . . .     Faith    +   u - +1 robe {rC+}
rPois    .         Spirit   .   (helmet restricted)
rElec    .         Reflect  .   (no cloak)
rCorr    .         Harm     .   (no gloves)
MR       .....                  (no boots)
Stlth    ++........             F - amulet of faith
Regen    0.2/turn               (no ring)
MPRegen  0.2/turn               (no ring)

@: no status effects
A: horns 1, powered by death 1, spiny 1
a: Renounce Religion


You were on level 6 of the Dungeon.
You worshipped Makhleb.
Makhleb was noncommittal.
You were not hungry.

You visited 2 branches of the dungeon, and saw 7 of its levels.

You collected 209 gold pieces.

Inventory:

Hand Weapons
 a - a +3 quarterstaff (weapon)
Missiles
 o - 5 tomahawks of returning (quivered)
 G - 6 poisoned tomahawks
Armour
 u - a +1 robe of cold resistance (worn)
Jewellery
 F - an amulet of faith (around neck)
Wands
 c - a wand of random effects (15/48)
 t - a wand of disintegration (19/24)
 v - a wand of disintegration (16/24)
 C - a wand of lightning (8/15)
 D - a wand of flame (22/48)
 E - a wand of digging (12/24)
 H - a wand of confusion (29/48)
 I - a wand of lightning (9/15)
Scrolls
 e - 2 scrolls of enchant weapon
 h - 4 scrolls of enchant armour
 i - a scroll of teleportation {unknown}
 k - a scroll of immolation
 n - 2 scrolls of recharging
Potions
 b - a potion of magic
 g - a potion of flight
 l - 2 potions of heal wounds
 p - 5 potions of might
 q - 2 potions of agility
 s - 2 potions of haste
 z - a potion of resistance
 J - 2 potions of curing {unknown}
Books
 y - a book of Maledictions

   Spells                             Type                      Level
   a - Corona                         Hexes                        1
   b - Ensorcelled Hibernation        Hexes/Ice                    2
   c - Confuse                        Hexes                        3
   d - Tukima's Dance                 Hexes                        3
   e - Dazzling Spray                 Conjuration/Hexes            3
Comestibles
 d - 5 chunks of flesh
 f - 2 bread rations
 j - 4 royal jellies
 r - 3 meat rations
 w - 2 fruits


   Skills:
 + Level 6.4 Fighting
 + Level 4.5 Staves
 + Level 4.1 Armour
 + Level 4.8 Dodging
 - Level 1.0 Stealth
 + Level 0.0 Invocations
 - Level 2.0 Evocations


You had 7 spell levels left.
You didn't know any spells.

Dungeon Overview and Level Annotations

Branches:
Dungeon (6/15)             Temple (1/1) D:6

Altars:
Cheibriados
Dithmenos
Elyvilon
Fedhas
Hepliaklqana
Kikubaaqudgha
Makhleb
Nemelex Xobeh
Okawaru
Sif Muna
Trog
Uskayaw
Vehumet
Xom
Yredelemnul
Zin
The Shining One


Innate Abilities, Weirdness & Mutations

You have a pair of small horns on your head.
You regenerate a little health from kills.
You are partially covered in sharp spines.


Message History

The orc warrior hits you with a long sword!
You hit the orc warrior but do no damage.
You headbutt the orc warrior, but do no damage.
The orc warrior is heavily wounded.
The orc warrior completely misses you.
You sock the orc warrior! Your headbutt misses the orc warrior.
The orc warrior is severely wounded.
The orc warrior hits you with a long sword!
You hit the orc warrior.
The orc warrior is almost dead.
The orc warrior hits you with a long sword.
You closely miss the orc warrior.
The orc warrior is almost dead.
The orc warrior is struck by your spines.
The orc warrior hits you with a long sword!!
* * * LOW HITPOINT WARNING * * *
You closely miss the orc warrior.
The orc warrior is almost dead.
The orc warrior hits you with a long sword!!
You die...

##.............
##...#........
##..#........
##............
##..#..........
#########..#...........
##..........#.#.........
##.............#..[..#...
#....[.o@...........###..
#......))......#..>.##...
#........................
#...).[..................
#......).................
##..............>.......(
#..#..................####
##.######...........#####.
#..............#######...


You could see an orc warrior.

Vanquished Creatures
  An ogre (D:5)
  The ghost of Lanoc the Skirmisher, an amateur DsMo (D:3)
  2 centaurs
  A bullfrog (D:5)
  2 scorpions
  A howler monkey (D:6)
  2 crimson imps (D:6)
  A centaur zombie (D:6)
  A hound (D:5)
  A jelly (D:5)
  2 bullfrog skeletons
  3 iguanas
  2 orc wizards (D:6)
  2 worker ants
  A killer bee zombie (D:6)
  A hound skeleton (D:4)
  2 hound zombies (D:5)
  2 worker ant zombies (D:6)
  3 gnolls (D:3)
  8 adders
  2 adder skeletons
  2 worms
  8 dart slugs
  3 leopard geckos
  13 orcs
  A ball python (D:4)
  6 bats
  A giant cockroach (D:5)
  12 goblins
  5 hobgoblins
  8 jackals
  7 kobolds
  4 quokkas
  2 frilled lizards
  5 rats
118 creatures vanquished.

Notes
Turn   | Place    | Note
-------+----------+-------------------------------------------
     0 | D:1      | Lanoc the Demonspawn Wanderer began the quest for the Orb.
     0 | D:1      | Lanoc set off with: a +2 quarterstaff, a potion of lignification, a wand of random effects (15/48), a +0 robe, a bread ration
     0 | D:1      | Reached XP level 1. HP: 19/19 MP: 2/2
   155 | D:1      | Gained mutation: You regenerate a little health from kills. [demonic ancestry]
   155 | D:1      | Reached XP level 2. HP: 25/25 MP: 3/3
   783 | D:2      | Gained mutation: You are partially covered in sharp spines. [demonic ancestry]
   783 | D:2      | Reached XP level 3. HP: 19/31 MP: 4/4
  1239 | D:2      | Found a bloodstained altar of Trog.
  1717 | D:3      | Noticed a centaur
  1729 | D:3      | Killed a centaur
  1729 | D:3      | Reached skill level 1 in Armour
  1729 | D:3      | Reached XP level 4. HP: 28/38 MP: 5/5
  1922 | D:3      | Reached XP level 5. HP: 41/43 MP: 6/6
  2223 | D:3      | Noticed Lanoc's ghost (amateur DsMo)
  2229 | D:3      | Killed Lanoc's ghost
  2229 | D:3      | Reached skill level 5 in Fighting
  2400 | D:3      | Reached XP level 6. HP: 51/51 MP: 7/7
  3403 | D:5      | Entered Level 5 of the Dungeon
  3636 | D:5      | Reached XP level 7. HP: 43/56 MP: 8/8
  4481 | D:6      | Reached skill level 6 in Fighting
  4571 | D:6      | Gained mutation: You have a pair of small horns on your head. [demonic ancestry]
  4571 | D:6      | Reached XP level 8. HP: 37/64 MP: 9/9
  4924 | D:6      | Found a staircase to the Ecumenical Temple.
  4955 | D:6      | Found a glowing golden altar of the Shining One.
  4956 | D:6      | Found a glowing silver altar of Zin.
  4957 | D:6      | Found a white marble altar of Elyvilon.
  5007 | Temple   | Entered the Ecumenical Temple
  5170 | Temple   | Became a worshipper of Makhleb the Destroyer
  5272 | D:6      | Mangled by an orc warrior

Skill      XL: |  1  2  3  4  5  6  7  8 |
---------------+-------------------------+-----
Dodging        | 2 3 4 |  4.8
Staves         | 2 3 4 |  4.5
Armour         | 1 2 3 4 |  4.1
Fighting       | 5 6 |  6.4
Stealth        | |  1.0
Evocations     | |  2.0

Action                   |  1- 3 |  4- 6 |  7- 9 || total
-------------------------+-------+-------+-------++-------
Melee: Quarterstaff      |    70 |    86 |   106 ||   262
       Headbutt          |       |       |     3 ||     3
  Use: Potion            |     2 |       |     1 ||     3
       Scroll            |       |       |    15 ||    15
 Stab: Sleeping          |     3 |     1 |     2 ||     6
       Distracted        |       |     1 |       ||     1
  Eat: Chunk             |     2 |     7 |     5 ||    14
Armor: Robe              |     8 |    10 |     8 ||    26
       Skin              |     6 |       |       ||     6
Dodge: Dodged            |    36 |    56 |    86 ||   178
